 Dungeon Crawl Stone Soup version 0.28.0-43-g3370ac3207 (webtiles) character file.

Game seed: 7992172067449358455

27 nickcage the Shield-Bearer (level 3, 0/29 HPs)
             Began as a Formicid Fighter on Mar 29, 2022.
             Slain by a goblin
             ... wielding a +1 dagger of distortion
              (14 damage)
             ... on level 2 of the Dungeon.
             The game lasted 00:03:10 (1054 turns).

nickcage the Shield-Bearer (Formicid Fighter)       Turns: 1054, Time: 00:03:10

Health: 0/29       AC: 11    Str: 22    XL:     3   Next: 25%
Magic:  3/3        EV:  6    Int:  7    God:
Gold:   46         SH:  4    Dex: 10    Spells: 2/2 levels left

rFire   . . .      SeeInvis +   a - +0 long sword
rCold   . . .      Faith    .   c - +0 buckler
rNeg    . . .      Spirit   .   g - +0 plate armour
rPois   .          Reflect  .   (helmet unavailable)
rElec   .          Harm     .   (no cloak)
rCorr   .          Rampage  .   (no gloves)
Will    .....                   (no boots)
Stlth   ..........              (no amulet)
HPRegen 0.09/turn               (no ring)
MPRegen 0.08/turn               (no ring)

@: no status effects
A: permanent stasis, dig shafts and tunnels, antennae 3, four strong arms
a: Dig, Shaft Self


You were on level 2 of the Dungeon.
You visited 1 branch of the dungeon, and saw 2 of its levels.

You collected 74 gold pieces.
You spent 28 gold pieces at shops.

Inventory:

Hand Weapons
 a - a +0 long sword (weapon)
Armour
 b - a +0 scale mail
 c - a +0 buckler (worn)
 g - a +0 plate armour (worn)
 l - a +0 pair of boots
Scrolls
 e - a scroll of brand weapon {unknown}
 f - a scroll of fog {unknown}
 h - a scroll of silence {unknown}
 j - a scroll of blinking {unknown}
 n - a scroll of enchant armour {unknown}
Potions
 d - a potion of might
 i - a potion of ambrosia
 k - 2 potions of curing {unknown}
 m - a potion of magic {unknown}


   Skills:
 - Level 3.2 Fighting
 + Level 3.5 Long Blades
 - Level 3.2 Armour
 - Level 3.6 Shields


You had 2 spell levels left.
You didn't know any spells.
Your spell library contained the following spells:

 Spells                   Type           Power      Damage    Failure   Level
 Flame Wave               Conj/Fire      0%         2d4       100%        4
 Disjunction              Tloc           0%         N/A       100%        8
 Blink                    Tloc           Unusable   N/A       N/A         2

Dungeon Overview and Level Annotations

Branches:
Dungeon (2/15)

Altars:

Shops:
D:2 ?


Innate Abilities, Weirdness & Mutations

You cannot be hasted, slowed, berserked, paralysed or teleported.
You can dig through walls and to a lower floor.
You have a pair of large antennae on your head. (SInv)
Your four strong arms can wield two-handed weapons with a shield.


Message History

You barely miss the bat.
The bat is moderately wounded.
The bat hits you.
You hit the bat.
The bat is severely wounded.
The bat hits you but does no damage. The bat hits you but does no damage.
You barely miss the bat.
The bat is severely wounded.
The bat hits you but does no damage. You block the bat's attack.
You barely miss the bat.
The bat is severely wounded.
The bat barely misses you. You block the bat's attack.
You slash the bat!
You kill the bat!
No target in view!
Found a flail.
You now have 46 gold pieces (gained 10).
n - a scroll labelled FIOSSU TUOCH
Found a stone staircase leading up.
You open the door.
Found a chain mail.
There is an open door here.
You pick up Yrodyoxzymocs's Guide on Damaging Dislocation and begin reading...
You add the spells Flame Wave and Disjunction to your library.
You open the door.
There is an open door here.
You open the door.
There is an open door here.
A goblin comes into view.
It is wielding a +1 dagger of distortion.
The goblin shouts!
The goblin hits you but does no damage. Space warps horribly around you!
Ouch! That really hurt!
You are too injured to fight recklessly!
You are too injured to fight recklessly!
You completely miss the goblin. The goblin barely misses you.
You closely miss the goblin. You block the goblin's attack.
You closely miss the goblin.
The goblin hits you but does no damage. x2
Space warps horribly around you!
You die...

#####.#.### #.#.#
#####.#.# ..<...#.#
#######.# #.# #.#
#####
#######.###...########
#.......##.#....@g...#
#.#.#........#.#####.#
#.##.#...#.###.#
#.##......#...##
.∩...#...#####
#.#####.## #.# #.#
#.#####.# #.......##


You could see a goblin.

Vanquished Creatures
  2 ball pythons (D:1)
  An endoplasm (D:2)
  A giant cockroach (D:1)
  5 goblins
  2 hobgoblins (D:1)
  2 jackals (D:1)
  3 kobolds
  3 bats (D:2)
  A frilled lizard (D:1)
  3 rats
23 creatures vanquished.

Notes
Turn   | Place    | Note
-------+----------+-------------------------------------------
     0 | D:1      | nickcage the Formicid Fighter began the quest for the Orb.
     0 | D:1      | Reached XP level 1. HP: 18/18 MP: 1/1
    83 | D:1      | Found a faded altar of an unknown god.
   180 | D:1      | Reached XP level 2. HP: 24/24 MP: 2/2
   615 | D:2      | Reached XP level 3. HP: 29/29 MP: 3/3
   638 | D:2      | Found Zoduts's Magic Scroll Emporium.
   646 | D:2      | Bought a scroll of identify for 28 gold pieces
  1008 | D:2      | Got Yrodyoxzymocs's Guide on Damaging Dislocation
  1054 | D:2      | Slain by a goblin

Illustrated notes

Levels and vault maps discovered:
D:1:      dpeg_arrival_renting, layout_rooms,
          shapermc_ecumenical_altar_mp_highgroup, roderic_roman_lattice
D:2:      layout_loops_corners, serial_shops, shop

Skill      XL: |  1  2 |
---------------+-------+-----
Long Blades    | 3 |  3.5
Fighting       | |  3.2
Armour         | |  3.2
Shields        | |  3.6

Action                   || total
-------------------------++-------
Melee: Long sword        ||    71
  Use: Scroll            ||     1
Armor: Plate armour      ||    50
       Scale mail        ||     3
Dodge: Dodged            ||    19
Block: Buckler           ||    11
